 Dungeon Crawl Stone Soup version 0.21-a0-150-gc243083 (webtiles) character file.

312 drasked the Grave Robber (level 6, -6/41 HPs)
             Began as a Mummy Necromancer on July 28, 2017.
             Mangled by a gnoll (9 damage)
             ... on level 4 of the Dungeon.
             The game lasted 00:19:39 (4714 turns).

drasked the Grave Robber (Mummy Necromancer)        Turns: 4714, Time: 00:19:39

Health: -6/41      AC:  4    Str: 12    XL:     6   Next: 18%
Magic:  4/13       EV: 12    Int: 16    God:
Gold:   225        SH:  0    Dex: 12    Spells: 5/15 levels left

rFire    x . .     SeeInvis .   d - +0 short sword (curse)
rCold    + . .     Gourm    .   (no shield)
rNeg     + + +     Faith    .   a - +0 robe
rPois    ∞         Spirit   .   k - +0 helmet
rElec    .         Reflect  .   (no cloak)
rCorr    .         Harm     .   g - +0 pair of gloves (curse)
MR       .....                  (no boots)
Stlth    ++........             (no amulet)
HPRegen  0.13/turn              c - ring of wizardry {Wiz+, !d}
MPRegen  0.13/turn              (no ring)

@: no status effects
A: no food or potions, fire vulnerability, cold resistance 1, negative energy
resistance 3, torment resistance, unbreathing
a: no special abilities


You were on level 4 of the Dungeon.
You were not hungry.

You visited 1 branch of the dungeon, and saw 5 of its levels.

You collected 225 gold pieces.

Inventory:

Hand Weapons
 d - a cursed +0 short sword (weapon)
   (You found it on level 1 of the Dungeon)
Armour
 a - a +0 robe (worn)
 g - a cursed +0 pair of gloves (worn)
   (You found it on level 1 of the Dungeon)
 k - a +0 helmet (worn)
   (You found it on level 3 of the Dungeon)
Magical Staves
 n - an uncursed staff of fire {unknown}
   (You found it on level 3 of the Dungeon)
Jewellery
 c - a ring of wizardry (left hand) {Wiz+, !d}
   (You found it on level 1 of the Dungeon)
 m - an uncursed ring of positive energy {unknown}
   (You found it on level 3 of the Dungeon)
Scrolls
 e - 4 scrolls of teleportation {unknown}
 f - 2 scrolls of remove curse {unknown}
 h - 3 scrolls of fear {unknown}
 i - 2 scrolls of enchant weapon {unknown}
 j - 2 scrolls of identify {unknown}
 l - a scroll of recharging {unknown}
 o - a scroll of amnesia {unknown}
Books
 b - a book of Necromancy


   Skills:
 - Level 1.5 Dodging
 - Level 1.5 Stealth
 + Level 5.1 Spellcasting
 * Level 6.5 Necromancy


You had 5 spell levels left.
You knew the following spells:

 Your Spells              Type           Power        Failure   Level  Hunger
a - Pain                  Necr           ###.         1%          1    N/A
b - Animate Dead          Necr           N/A          4%          4    N/A
c - Control Undead        Necr           ###.......   4%          4    N/A
A - Animate Skeleton      Necr           N/A          1%          1    N/A

Dungeon Overview and Level Annotations

Branches:
Dungeon (5/15)
 Temple: D:4-7

Altars:
Ashenzari
Dithmenos
Kikubaaqudgha
Nemelex Xobeh
Uskayaw
Yredelemnul
The Shining One

Shops:
D:5 }

Annotations:
D:2 exclusion: Terence, Terence
D:3 2 transporters, 1 runed door, Menkaure; PeterLawrence's ghost, amateur MiFi
D:4 Grinder


Innate Abilities, Weirdness & Mutations

You do not eat or drink.
Your flesh is vulnerable to fire.
You are immune to poison.
Your flesh is cold resistant. (rC+)
You are immune to negative energy. (rN+++)
You are immune to unholy pain and torment.
You can survive without breathing.


Message History

The giant cockroach bites your gnoll zombie.
The giant cockroach bites your gnoll zombie.
Your gnoll zombie closely misses the giant cockroach.
The giant cockroach bites your gnoll zombie.
Your gnoll zombie hits the giant cockroach with a club!
The giant cockroach dies!
You swap places.
You see here a giant cockroach corpse.
You now have 225 gold pieces (gained 10).
h - 2 scrolls labeled KUOHAU DITYLIBB (gained 1)
h - 3 scrolls labeled KUOHAU DITYLIBB (gained 1)
You start resting.
Health restored: 41; MP restored: 13 3 gnolls come into view.
A gnoll is wielding a whip of draining.
A gnoll comes into view.
The gnoll shouts! x2
The gnoll moves out of view.
A gnoll shaman comes into view. It is wielding a club.
The gnoll shaman shouts!
Found 10 gold pieces.
Found Qaaduu's Gadget Shop.
Aim: a gnoll, wielding a club (chance to defeat MR: 88%)
The gnoll writhes in agony!
You now have 12/13 mp.
Aim: a gnoll, wielding a club (moderately wounded, chance to defeat MR: 88%)
The gnoll writhes in agony!
The gnoll shaman calls upon its god to heal the gnoll.
The gnoll is healed somewhat.
A gnoll comes into view.
You now have 11/13 mp.
Aim: a gnoll, wielding a club (moderately wounded, chance to defeat MR: 88%)
The gnoll writhes in agony!
The gnoll shouts!
The gnoll closely misses you. The gnoll completely misses you.
You now have 10/13 mp.
Aim: a gnoll, wielding a club (heavily wounded, chance to defeat MR: 88%)
The gnoll writhes in agony!
You kill the gnoll!
The gnoll hits you from afar with a halberd.
You take 5 damage, and have 36/41 hp.
You now have 9/13 mp.
Aim: a gnoll, wielding a halberd (chance to defeat MR: 88%)
The gnoll writhes in agony!
The gnoll hits you from afar with a halberd!
You take 7 damage, and have 29/41 hp.
You now have 8/13 mp.
Aim: a gnoll, wielding a halberd (severely wounded, chance to defeat MR: 88%)
The gnoll writhes in agony!
The gnoll closely misses you.
You now have 7/13 mp.
The gnoll shaman hits your gnoll zombie with a club.
Your gnoll zombie barely misses the gnoll.
Your gnoll zombie misses the gnoll.
The gnoll hits your gnoll zombie with a halberd!
Your gnoll zombie is destroyed!
Your gnoll zombie hits the gnoll shaman but does no damage.
The gnoll hits your gnoll zombie!
The gnoll shaman hits your gnoll zombie with a club.
Your gnoll zombie is destroyed!
Aim: a gnoll, wielding a halberd (severely wounded, chance to defeat MR: 88%)
The gnoll barely resists.
You now have 7/13 mp.
The gnoll hits you with a whip of draining!
You take 8 damage, and have 22/41 hp.
Aim: a gnoll, wielding a halberd (severely wounded, chance to defeat MR: 88%)
The gnoll writhes in agony!
The gnoll barely misses you.
The gnoll shaman calls upon its god to heal the gnoll.
The gnoll is healed somewhat.
You now have 6/13 mp.
Aim: a gnoll, wielding a whip of draining (lightly wounded, chance to defeat MR: 88%)
The gnoll writhes in agony!
The gnoll barely misses you.
You now have 6/13 mp.
Aim: a gnoll, wielding a whip of draining (heavily wounded, chance to defeat MR: 88%)
The gnoll writhes in agony!
The gnoll hits you with a whip of draining.
You take 1 damage, and have 22/41 hp.
You now have 5/13 mp.
Aim: a gnoll, wielding a whip of draining (severely wounded, chance to defeat MR: 88%)
The gnoll writhes in agony!
You kill the gnoll!
You now have 4/13 mp.
The gnoll closely misses you.
The gnoll shaman calls upon its god to speed up the gnoll.
The gnoll seems to speed up.
There is a stone staircase leading up here.
The gnoll misses you.
You climb upwards.
Level annotation: Grinder
There is a stone staircase leading down here.
Aim: a gnoll (chance to defeat MR: 88%)
The gnoll writhes in agony!
The gnoll hits you.
You take 6 damage, and have 19/41 hp.
You now have 6/13 mp.
Aim: a gnoll (lightly wounded, chance to defeat MR: 88%)
The gnoll writhes in agony!
The gnoll hits you!
* * * LOW HITPOINT WARNING * * *
You take 9 damage, and have 10/41 hp.
MASSIVE DAMAGE!!
You now have 5/13 mp.
Aim: a gnoll (heavily wounded, chance to defeat MR: 88%)
The gnoll barely resists.
The gnoll hits you!
* * * LOW HITPOINT WARNING * * *
You take 7 damage, and have 3/41 hp.
Aim: a gnoll (heavily wounded, chance to defeat MR: 88%)
The gnoll writhes in agony!
The gnoll hits you!
You die...

#................######
#.....................##
#.....!....#####.......#
#..........#####.##.#..####
#..........#.....####.....#
#..........#..............#
#..........#..##.########.#
#######..........#..##.##<#####.#
................@...............#
#######........g.#.##..##.......#
#######..........#.##..##..######
..........########.##..#....#
..............§.........##..#
..........#######........#..#
..........# #######(.#..#
..........# #.......# ..........#
#.#..##.###


You could see a gnoll.

Vanquished Creatures
  A hound zombie (D:5)
  9 gnolls
  6 adders
  An ooze (D:2)
  3 worms
  A dart slug (D:1)
  2 leopard geckos
  An orc (D:5)
  5 bats
  2 giant cockroaches (D:3)
  6 goblins
  9 hobgoblins
  6 jackals
  10 kobolds
  A ball python (D:1)
  3 frilled lizards
  A jackal skeleton (D:4)
  6 rats
73 creatures vanquished.

Vanquished Creatures (collateral kills)
  Sigmund (D:3)
  A crimson imp (D:3)
  A giant cockroach (D:5)
  2 hobgoblins
  A kobold (D:1)
  A bat (D:3)
7 creatures vanquished.

Grand Total: 80 creatures vanquished

Notes
Turn   | Place    | Note
-------+----------+-------------------------------------------
     0 | D:1      | drasked the Mummy Necromancer began the quest for the Orb.
     0 | D:1      | Reached XP level 1. HP: 13/13 MP: 4/4
   178 | D:1      | Learned a level 1 spell: Animate Skeleton
   233 | D:1      | Reached skill level 3 in Spellcasting
   234 | D:1      | Reached XP level 2. HP: 19/19 MP: 1/6
  1039 | D:2      | Noticed Terence
  1090 | D:2      | Reached XP level 3. HP: 24/24 MP: 2/8
  1438 | D:2      | Found a shattered altar of Ashenzari.
  2058 | D:2      | Reached skill level 5 in Necromancy
  2058 | D:2      | Reached XP level 4. HP: 25/30 MP: 4/9
  2443 | D:3      | Noticed PeterLawrence's ghost (amateur MiFi)
  2545 | D:3      | Learned a level 4 spell: Animate Dead
  2841 | D:3      | Found a hide-covered altar of Uskayaw.
  2930 | D:3      | Noticed Sigmund
  3012 | D:3      | Noticed a hungry ghost
  3023 | D:3      | Found an ancient bone altar of Kikubaaqudgha.
  3077 | D:2      | Learned a level 4 spell: Control Undead
  3099 | D:3      | Found a transporter.
  3117 | D:3      | Found a transporter.
  3117 | D:3      | Found a basalt altar of Yredelemnul.
  3121 | D:3      | Noticed Menkaure
  3153 | D:3      | Found a runed door.
  3244 | D:3      | Reached skill level 4 in Spellcasting
  3279 | D:3      | Killed Sigmund
  3279 | D:3      | Reached skill level 6 in Necromancy
  3279 | D:3      | Reached XP level 5. HP: 23/35 MP: 2/11
  3463 | D:4      | Found a sparkling altar of Nemelex Xobeh.
  3708 | D:4      | Noticed Grinder
  3768 | D:4      | Paralysed by Grinder for 2 turns
  3784 | D:4      | Paralysed by Grinder for 7 turns
  4277 | D:4      | Found a glowing golden altar of the Shining One.
  4278 | D:4      | Found a shadowy altar of Dithmenos.
  4356 | D:4      | Paralysed by Grinder for 3 turns
  4434 | D:5      | Entered Level 5 of the Dungeon
  4545 | D:5      | Reached XP level 6. HP: 41/41 MP: 10/13
  4551 | D:5      | Reached skill level 5 in Spellcasting
  4667 | D:5      | Found Qaaduu's Gadget Shop.
  4712 | D:4      | HP: 10/41 [gnoll (9)]
  4713 | D:4      | HP: 3/41 [gnoll (8)]
  4714 | D:4      | Mangled by a gnoll

Vault maps used:
D:1:      tarquinn_simple_flora_water_e, minmay_tetromino_s4
D:2:      serial_glass, glass_columns_a, glass_columns_a, first_bread,
          evilmike_ruin_ashenzari, uniq_terence
D:3:      gammafunk_temple_of_torment, lemuel_round_altar, lemuel_round_altar,
          uniq_crazy_yiuf_cottage, uniq_sigmund
D:4:      marbit_many_paths, gammafunk_temple_overflow_statue, uniq_grinder
D:5:      regret_index_temple_of_mockery, fiery_altar_vehumet,
          overflow_temple_1_default, lemuel_round_altar, serial_shops,
          nicolae_shop_stone, shop, shop, shop, guppyfry_early_orc_mine

Skill      XL: |  1  2  3  4  5  6 |
---------------+-------------------+-----
Spellcasting   | 3 4 5 |  5.1
Necromancy     | 5 6 |  6.5
Dodging        | |  1.5
Stealth        | |  1.5

Action                   |  1- 3 |  4- 6 || total
-------------------------+-------+-------++-------
Melee: Short sword       |     2 |     2 ||     4
 Cast: Pain              |    88 |    78 ||   166
       Animate Skeleton  |    20 |     6 ||    26
       Animate Dead      |       |     6 ||     6
       Control Undead    |       |     6 ||     6
Armor: Robe              |     7 |     4 ||    11
Dodge: Dodged            |    20 |    17 ||    37

Vault maps used:
D:1:      tarquinn_simple_flora_water_e, minmay_tetromino_s4
D:2:      serial_glass, glass_columns_a, glass_columns_a, first_bread,
          evilmike_ruin_ashenzari, uniq_terence
D:3:      gammafunk_temple_of_torment, lemuel_round_altar, lemuel_round_altar,
          uniq_crazy_yiuf_cottage, uniq_sigmund
D:4:      marbit_many_paths, gammafunk_temple_overflow_statue, uniq_grinder
D:5:      regret_index_temple_of_mockery, fiery_altar_vehumet,
          overflow_temple_1_default, lemuel_round_altar, serial_shops,
          nicolae_shop_stone, shop, shop, shop, guppyfry_early_orc_mine

Table legend:
 A = Turns spent in this place as a percentage of turns spent in the entire game.
 B = Non-inter-level travel turns spent in this place as a percentage of non-inter-level travel turns spent in the entire game.
 C = Inter-level travel turns spent in this place as a percentage of turns spent in this place.
 D = Turns resting spent in this place as a percentage of non-inter-level travel turns spent in this place.
 E = Turns spent auto-exploring this place as a percentage of non-inter-level travel turns spent in this place.
 F = Non-inter-level travel turns spent in this place divided by the number of levels of this place that you've seen.
                   A       B       C       D       E      F
               +-------+-------+-------+-------+-------+----------------------
         Total | 100.0 | 100.0 |   0.5 |   5.3 |   4.2 | 351.8
       Dungeon | 100.0 | 100.0 |   0.5 |   5.3 |   4.2 | 351.8
               +-------+-------+-------+-------+-------+----------------------

Table legend:
 A = Kills in this place as a percentage of kills in entire the game.
 B = Kills by you in this place as a percentage of kills by you in the entire game.
 C = Kills by friends in this place as a percentage of kills by friends in the entire game.
 D = Other kills in this place as a percentage of other kills in the entire game.
 E = Experience gained in this place as a percentage of experience gained in the entire game.
 F = Experience gained in this place divided by the number of levels of this place that you have seen.
                   A       B       C       D       E      F
               +-------+-------+-------+-------+-------+----------------------
         Total | 100.0 | 100.0 | 100.0 |  -nan | 100.0 |  89.4
       Dungeon | 100.0 | 100.0 | 100.0 |  -nan | 100.0 |  89.4
               +-------+-------+-------+-------+-------+----------------------
